Map: Fields of Death

Players

BigC - Winner!

  • Race: Terran Terran

User - Winner!

  • Race: Protoss Protoss

Tenonee

  • Race: Zerg Zerg
  • League: Diamond

CrOsShAiR

  • Race: Terran Terran
  • League: Diamond

VOD

Have the link to the VOD?

Description

Time

  • Played on: July 26, 2016, 1:48 p.m.
  • Length: 11:45
Show
View Real Time Build Order
Export as new Build Order

BigC Terran - Winner!

Build Orders:  

Get SALT Encoding   

  12  0:02  SCV  
  14  0:14  SCV  
  14  0:25  Supply Depot  
  14  0:26  SCV  
  15  0:37  Refinery  
  16  0:50  SCV  
  16  0:52  Barracks  
  16  1:02  SCV  
  17  1:14  SCV  
  19  1:32  SCV  
  19  1:42  Command Center, Bunker  
  19  1:43  Marine  
  19  1:45  SCV  
  21  1:59  Orbital Command  
  21  2:10  Barracks Reactor  
  21  2:18  Factory  
  21  2:25  SCV  
  21  2:29  Refinery  
  22  2:38  SCV  
  23  2:54  Orbital Command  
  23  3:06  Hellion  
  25  3:14  SCV  
  26  3:26  Starport  
  26  3:27  SCV  
  27  3:28  SCV  
  27  3:33  Barracks Tech Lab  
  28  3:39  SCV  
  29  3:42  SCV  
  29  3:48  Hellion x2, Engineering Bay  
  34  3:51  SCV  
  34  3:54  SCV  
  36  3:58  Refinery  
  36  4:01  Refinery  
  36  4:03  SCV  
  36  4:05  Factory  
  36  4:06  SCV  
  38  4:17  Supply Depot  
  38  4:19  Supply Depot  
  38  4:31  Missile Turret  
  38  4:39  Missile Turret, Medivac, SCV  
  38  4:42  Armory  
  38  4:43  Missile Turret  
  38  4:44  SCV  
  42  4:46  Missile Turret  
  42  4:49  Infernal Pre-Igniter  
  42  4:51  SCV  
  42  4:52  Hellion  
  45  4:53  Hellion  
  47  5:05  Sensor Tower  
  47  5:06  SCV x2  
  49  5:12  Barracks Reactor  
  47  5:21  Liberator  
  41  5:38  Viking  
  46  5:45  Factory Reactor  
  46  5:47  SCV x2  
  48  6:01  Supply Depot  
  48  6:13  Drilling Claws  
  48  6:15  Hellion  
  50  6:30  SCV x2  
  52  6:36  Hellion  
  52  6:38  Factory  
  54  6:41  Factory  
  54  6:42  Factory, SCV  
  55  6:50  SCV  
  55  6:54  Hellion x2, SCV  
  61  7:02  Hi-Sec Auto Tracking, SCV  
  61  7:04  Terran Vehicle Weapons Level 1  
  62  7:28  SCV x2  
  60  7:50  Factory Tech Lab x2  
  60  7:51  Factory Tech Lab  
  58  7:59  Hellion x2  
  58  8:02  Siege Tank  
  61  8:09  Command Center  
  61  8:22  Supply Depot x2  
  61  8:23  Supply Depot  
  61  8:24  Supply Depot  
  61  8:25  Supply Depot  
  61  8:27  Armory  
  61  8:30  SCV  
  61  8:32  Armory  
  62  8:34  Command Center  
  62  8:43  Viking x2, SCV x2  
  62  8:48  Supply Depot  
  68  8:49  Supply Depot  
  69  8:55  SCV  
  69  9:02  Siege Tank x2  
  75  9:03  Siege Tank  
  78  9:27  SCV x2  
  80  9:33  Siege Tank  
  80  9:34  Siege Tank  
  86  9:39  SCV  
  86  9:43  Missile Turret  
  86  9:44  Missile Turret, Siege Tank x2  
  86  9:45  Missile Turret, Hellion x2  
  78  10:38  Orbital Command  
  78  10:39  SCV  
  71  10:51  Siege Tank x3  
  71  10:52  Siege Tank  
  71  10:53  Viking x2  
  71  10:55  SCV x2  
  90  10:59  Planetary Fortress  
  89  11:07  SCV x2  
  89  11:09  SCV  
  94  11:19  SCV  
  94  11:21  Refinery x2  
Show
View Real Time Build Order
Export as new Build Order

User Protoss - Winner!

Build Orders: Nexus First 

Get SALT Encoding   

  12  0:01  Probe (Chrono Boost)  
  13  0:12  Probe (Chrono Boost)  
  14  0:17  Pylon  
  14  0:23  Probe (Chrono Boost)  
  16  0:35  Probe (Chrono Boost)  
  16  0:46  Probe (Chrono Boost)  
  17  1:01  Nexus  
  17  1:15  Gateway  
  17  1:17  Probe (Chrono Boost)  
  18  1:27  Probe (Chrono Boost), Assimilator  
  19  1:36  Assimilator  
  19  1:38  Probe (Chrono Boost)  
  20  1:48  Probe (Chrono Boost)  
  20  1:52  Pylon  
  21  1:59  Probe (Chrono Boost)  
  22  2:06  Cybernetics Core  
  22  2:09  Probe (Chrono Boost)  
  23  2:18  Probe (Chrono Boost)  
  23  2:20  Zealot  
  23  2:21  Probe (Chrono Boost)  
  24  2:29  Probe (Chrono Boost)  
  27  2:33  Probe (Chrono Boost)  
  28  2:39  Probe (Chrono Boost), Gateway  
  28  2:53  Mothership Core (Chrono Boost)  
  29  3:01  Stalker  
  29  3:02  Probe (Chrono Boost)  
  29  3:03  Warp Gate  
  34  3:12  Probe (Chrono Boost)  
  34  3:14  Probe (Chrono Boost)  
  34  3:23  Probe (Chrono Boost)  
  34  3:24  Probe (Chrono Boost)  
  36  3:28  Stalker  
  36  3:33  Probe (Chrono Boost)  
  39  3:35  Probe (Chrono Boost)  
  39  3:38  Twilight Council  
  40  3:42  Forge  
  40  3:44  Probe (Chrono Boost)  
  40  3:48  Probe (Chrono Boost)  
  42  3:53  Pylon  
  42  3:55  Probe (Chrono Boost)  
  43  3:56  Pylon  
  43  4:01  Resonating Glaives  
  43  4:02  Probe (Chrono Boost), Protoss Ground Weapons Level 1  
  44  4:05  Probe (Chrono Boost), Assimilator  
  44  4:09  Assimilator  
  45  4:14  Probe (Chrono Boost)  
  47  4:17  Probe (Chrono Boost)  
  47  4:25  Pylon  
  47  4:26  Probe (Chrono Boost)  
  47  4:29  Probe (Chrono Boost)  
  49  4:33  Photon Cannon  
  49  4:36  Sentry  
  54  4:38  Probe (Chrono Boost), Sentry  
  54  4:41  Probe (Chrono Boost)  
  55  4:51  Probe (Chrono Boost)  
  57  4:53  Probe (Chrono Boost)  
  57  4:54  Robotics Facility  
  57  5:05  Pylon  
  57  5:06  Photon Cannon  
  57  5:12  Gateway  
  57  5:13  Gateway  
  57  5:16  Gateway  
  57  5:23  Stalker x2  
  61  5:48  Photon Cannon  
  61  5:54  Protoss Ground Weapons Level 2  
  61  5:56  Nexus  
  61  5:58  Pylon  
  61  6:01  Blink  
  61  6:04  Pylon  
  61  6:05  Pylon  
  61  6:07  Immortal  
  65  6:26  Adept x4  
  65  6:27  Adept  
  75  6:35  Probe x2 (Chrono Boost)  
  77  6:43  Immortal  
  83  6:47  Probe x2 (Chrono Boost)  
  83  6:57  Pylon  
  85  7:02  Gateway  
  85  7:03  Probe x2 (Chrono Boost)  
  85  7:05  Gateway  
  85  7:13  Pylon  
  85  7:14  Probe x2 (Chrono Boost)  
  85  7:15  Probe (Chrono Boost)  
  88  7:18  Templar Archives  
  88  7:22  Observer  
  89  7:24  Probe (Chrono Boost)  
  89  7:25  Probe (Chrono Boost)  
  89  7:26  Probe (Chrono Boost)  
  89  7:27  Adept x3  
  98  7:35  Probe x2 (Chrono Boost)  
  101  7:37  Probe (Chrono Boost)  
  101  7:42  Forge  
  101  7:47  Robotics Facility  
  101  7:50  Robotics Facility  
  101  7:53  Robotics Bay  
  101  7:59  Charge  
  101  8:00  Probe (Chrono Boost)  
  101  8:02  Probe (Chrono Boost), Assimilator  
  101  8:03  Assimilator  
  101  8:04  Pylon  
  101  8:05  Probe (Chrono Boost), Protoss Ground Weapons Level 3  
  104  8:11  Probe (Chrono Boost)  
  106  8:14  Probe (Chrono Boost)  
  107  8:20  Probe (Chrono Boost)  
  107  8:22  Probe (Chrono Boost)  
  107  8:25  Protoss Ground Armor Level 1  
  107  8:26  Probe (Chrono Boost)  
  109  8:37  Colossus x2  
  109  8:39  Colossus  
  127  8:52  Extended Thermal Lance  
  127  8:53  Nexus  
  127  9:02  Adept x3  
  129  9:03  Adept x3  
  129  9:07  Pylon  
  129  9:08  Pylon  
  139  9:10  Pylon  
  139  9:23  Colossus  
  139  9:29  Nexus  
  139  9:30  Colossus  
  143  9:31  Pylon  
  143  9:32  Pylon  
  143  9:36  Colossus  
  155  9:50  Stalker x3  
  146  10:02  Stalker x2  
  146  10:03  Stalker x2  
  154  10:15  Observer  
  155  10:22  Observer  
  155  10:28  Observer  
  142  10:34  Observer  
  139  10:36  Stalker x3  
  139  10:37  Stalker  
  139  10:38  Zealot x2, Warp Prism  
  139  10:39  Zealot  
  154  10:44  Immortal  
  160  10:50  Immortal  
  164  10:57  Gateway  
  164  10:59  Gateway  
  162  11:05  Nexus  
  148  11:13  Stalker x3  
  148  11:14  Stalker x3  
  164  11:42  Stalker  
  164  11:43  Stalker x4  
Show
View Real Time Build Order
Export as new Build Order

Tenonee Zerg 

Build Orders: Hatch First, Lurkers 

Get SALT Encoding   

  12  0:02  Drone  
  13  0:15  Overlord  
  13  0:24  Drone  
  14  0:33  Drone x2  
  16  0:37  Drone  
  17  0:48  Drone  
  18  0:58  Hatchery  
  17  1:05  Drone  
  17  1:08  Extractor  
  17  1:17  Spawning Pool  
  16  1:24  Drone x2  
  18  1:35  Drone  
  19  1:41  Overlord  
  19  1:58  Drone  
  20  2:06  Queen  
  20  2:07  Metabolic Boost  
  22  2:10  Queen  
  24  2:17  Zergling x6  
  27  2:23  Drone  
  28  2:32  Drone x2  
  30  2:38  Drone  
  31  2:50  Queen x2  
  35  3:02  Drone, Roach Warren  
  35  3:03  Drone  
  36  3:27  Overlord x2  
  36  3:42  Overlord  
  36  3:48  Drone x8  
  44  3:55  Overlord x2  
  44  3:57  Drone x2  
  44  3:58  Drone x2  
  48  4:10  Drone x3  
  48  4:14  Extractor x2  
  48  4:15  Extractor  
  48  4:20  Lair  
  48  4:27  Pneumatized Carapace  
  48  4:32  Drone  
  48  4:33  Drone x3  
  52  4:40  Drone x3  
  52  4:45  Hatchery  
  54  4:56  Drone  
  54  4:59  Spore Crawler  
  54  5:00  Drone, Spore Crawler  
  54  5:22  Hydralisk Den  
  54  5:25  Glial Reconstitution  
  53  5:32  Drone x3  
  53  5:33  Evolution Chamber  
  53  5:34  Evolution Chamber  
  54  5:38  Overlord x2  
  54  5:57  Muscular Augments  
  54  6:00  Zerg Ground Armor Level 1, Zerg Missile Weapons Level 1  
  54  6:06  Zergling x4  
  54  6:07  Zergling x8  
  60  6:30  Drone x4  
  60  6:31  Drone x16  
  78  6:53  Drone x3, Extractor  
  80  6:54  Drone  
  80  6:55  Extractor  
  80  7:06  Overlord x3  
  80  7:20  Overlord x2  
  80  7:21  Overlord x2  
  80  7:31  Roach  
  80  7:32  Roach x11  
  104  7:49  Hydralisk x2  
  104  7:50  Roach x4  
  116  7:58  Lurker Den  
  116  8:04  Hydralisk  
  116  8:05  Hydralisk x2, Roach x2  
  124  8:06  Roach  
  124  8:07  Overlord x2  
  128  8:15  Overlord  
  128  8:17  Zerg Missile Weapons Level 2, Zerg Ground Armor Level 2  
  128  8:22  Infestation Pit  
  128  8:26  Spire  
  126  8:28  Hydralisk x3, Roach  
  126  8:29  Hatchery, Roach x2  
  131  9:04  Hydralisk x2  
  131  9:05  Hydralisk x4, Roach x4  
  131  9:06  Roach x2  
  155  9:19  Hive  
  155  9:28  Lurker x6  
  161  9:34  Overseer x3  
  161  9:36  Extractor  
  160  9:40  Zerg Flyer Weapons Level 1, Extractor  
  160  9:43  Overlord x3  
  159  9:54  Hydralisk x3  
  159  9:55  Roach x2  
  159  9:56  Roach  
  139  10:07  Roach  
  139  10:08  Roach x8  
  126  10:31  Hydralisk  
  126  10:32  Hydralisk x3, Roach x3  
  126  10:33  Roach  
  130  10:44  Roach x3  
  130  10:45  Roach  
  130  10:47  Lurker x3  
  139  10:58  Corruptor  
  139  10:59  Corruptor x3  
  100  11:22  Roach  
  100  11:23  Roach x4  
  115  11:29  Lurker  
Show
View Real Time Build Order
Export as new Build Order

CrOsShAiR Terran 

Build Orders:  

Get SALT Encoding   

  12  0:01  SCV  
  13  0:13  SCV  
  14  0:19  Supply Depot  
  14  0:25  SCV  
  15  0:32  Refinery  
  15  0:40  SCV  
  16  0:46  Barracks  
  16  0:52  SCV  
  17  1:04  SCV  
  18  1:16  SCV  
  19  1:29  SCV  
  20  1:34  Reaper  
  21  1:41  SCV  
  22  1:57  Orbital Command  
  22  2:02  Command Center  
  22  2:05  Supply Depot  
  22  2:12  Barracks Reactor  
  22  2:14  Refinery  
  22  2:27  Factory  
  22  2:33  Supply Depot  
  22  2:47  Engineering Bay  
  22  3:15  Marine  
  22  3:16  Marine  
  22  3:19  Starport  
  23  3:20  Factory Tech Lab  
  23  3:25  Missile Turret, SCV  
  24  3:36  Marine x2  
  26  3:43  Orbital Command  
  26  3:50  Missile Turret  
  26  3:52  Siege Tank  
  29  3:59  Medivac  
  29  4:00  SCV  
  32  4:09  Marine x2  
  34  4:14  SCV x2  
  36  4:20  Supply Depot  
  36  4:27  Marine x2  
  36  4:28  Siege Tank  
  41  4:41  SCV x2  
  41  4:44  Starport Reactor  
  43  4:48  Supply Depot  
  43  4:53  SCV  
  43  4:58  Engineering Bay  
  44  5:00  SCV  
  44  5:05  Refinery  
  45  5:23  Liberator x2  
  44  5:29  Marine x2  
  44  5:34  SCV x2  
  40  5:36  Refinery  
  40  5:38  Siege Tank  
  40  5:42  Terran Infantry Weapons Level 1  
  49  5:46  SCV x2  
  51  5:50  Missile Turret  
  51  5:52  Missile Turret, Terran Infantry Armor Level 1  
  51  5:58  SCV x2  
  51  6:01  Marine  
  54  6:09  Liberator x2  
  54  6:10  SCV x2  
  56  6:18  Supply Depot  
  56  6:19  Supply Depot  
  56  6:22  SCV x2  
  64  6:34  SCV x2  
  66  6:42  Marine x2  
  66  6:45  Siege Tank  
  66  6:46  SCV x2  
  73  6:51  Factory  
  73  6:58  SCV x2  
  69  7:23  SCV  
  69  7:24  SCV  
  71  7:31  Marine  
  71  7:32  Marine  
  66  7:43  SCV  
  58  7:44  SCV  
  58  7:47  Siege Tank  
  58  7:49  Marine x2  
  59  7:55  SCV  
  59  7:56  SCV  
  60  8:03  Liberator  
  60  8:04  Liberator  
  60  8:06  Marine  
  60  8:07  SCV  
  60  8:08  SCV  
  60  8:10  Command Center  
  63  8:19  Siege Tank, SCV  
  67  8:20  Factory Tech Lab, SCV  
  67  8:25  Starport  
  74  8:30  Neosteel Frame  
  74  8:33  Supply Depot x2  
  74  8:34  Supply Depot  
  74  8:43  SCV  
  74  8:44  SCV  
  76  8:53  Marine x2  
  78  8:58  Siege Tank  
  78  9:01  Building Armor  
  78  9:02  Starport Reactor  
  81  9:06  SCV x2  
  83  9:18  SCV  
  83  9:23  Marine x2  
  86  9:29  Siege Tank  
  89  9:35  Siege Tank  
  92  9:41  Marine x2  
  85  9:58  Marine  
  85  9:59  Marine  
  79  10:02  Siege Tank  
  79  10:05  Viking x2  
  74  10:16  Marine x2  
  73  10:24  Planetary Fortress  
  73  10:26  Missile Turret, SCV  
  73  10:27  SCV  
  63  10:34  Marine x2  
  68  10:36  Siege Tank  
  68  10:39  SCV x2  
  70  10:47  Viking  
  72  10:51  SCV x2  
  72  10:52  Marine x2  
  76  11:10  Marine x2  
Tags
 
Add a new tag
Caveats
  • Supply blocks, unpowered buildings, or Contaminate may cause inaccurate times.
  • Supply counts are checked every 10 seconds.